 Dungeon Crawl Stone Soup version 0.29.0-5-ge4962eb29e (webtiles) character file.

Game seed: 14502798691604490427

5776 Arcadio the Nimble (level 10, -2/70 HPs)
             Began as a Merfolk Venom Mage on Aug 29, 2022.
             Was a Believer of Ru.
             Slain by a sixfirhy (9 damage)
             ... on level 9 of the Dungeon.
             The game lasted 00:38:38 (10670 turns).

Arcadio the Nimble (Merfolk Venom Mage)            Turns: 10670, Time: 00:38:40

Health: -2/70      AC:  4    Str:  8    XL:     10   Next: 78%
Magic:  19/22      EV: 18    Int: 19    God:    Ru [**....]
Gold:   673        SH:  0    Dex: 15    Spells: 15/25 levels left

rFire   . . .      SeeInvis +   s - +6 mace "Riletsokh" {freeze, Stlth+}
rCold   . . .      Faith    .   (no shield)
rNeg    . . .      Spirit   .   a - +0 robe
rPois   .          Reflect  .   (no helmet)
rElec   .          Harm     .   (no cloak)
rCorr   .          Rampage  .   D - +1 pair of gloves
Will    +....                   (no boots)
Stlth   ..........              g - amulet of regeneration
HPRegen 1.01/turn               B - ring of see invisible
MPRegen 0.18/turn               m - ring of willpower

@: lethally poisoned (-2 -> -2)
A: no stealth, inability to train armour, (nimble swimmer 2), mertail
a: Renounce Religion


You were on level 9 of the Dungeon.
You worshipped Ru.
Ru was pleased with you.
You visited 2 branches of the dungeon, and saw 10 of its levels.
You also visited: Sewer.

You collected 673 gold pieces.

Inventory:

Hand Weapons
 e - a +0 dagger
 f - a +1 demon whip of venom
 n - a +2 dagger of freezing
 s - the +6 mace "Riletsokh" (weapon) {freeze, Stlth+}
   (You took it off a hobgoblin on level 3 of the Dungeon)

   It freezes those it strikes, dealing additional cold damage.
   It can also slow down cold-blooded creatures.
   Stlth:     It makes you more stealthy.
 I - a +3 dire flail
 P - a +3 glaive of pain
Missiles
 R - 2 throwing nets (quivered)
Armour
 a - a +0 robe (worn)
 c - a +0 leather armour
 w - an orb of energy
 D - a +1 pair of gloves (worn)
Jewellery
 g - an amulet of regeneration (around neck)
 h - a ring of ice
 m - a ring of willpower (right hand)
 t - a +6 ring of strength
 B - a ring of see invisible (left hand)
 M - a ring of willpower
 Q - a +6 ring of dexterity
Wands
 J - a wand of digging (5)
 K - a wand of flame (16)
 O - a wand of polymorph (13)
Scrolls
 j - a scroll of torment
 k - a scroll of vulnerability
 p - a scroll of enchant armour
 r - a scroll of magic mapping
 u - a scroll of blinking
 v - 2 scrolls of immolation {unknown}
 x - 2 scrolls of fog {unknown}
 y - a scroll of amnesia {unknown}
 A - a scroll of acquirement {unknown}
 C - 7 scrolls of teleportation {unknown}
 E - a scroll of enchant weapon {unknown}
 H - 3 scrolls of fear {unknown}
Potions
 b - a potion of magic
 d - 2 potions of ambrosia {unknown}
 i - a potion of lignification
 l - 5 potions of curing
 o - a potion of invisibility
 F - a potion of cancellation
 G - 2 potions of mutation
 L - a potion of flight
 N - a potion of heal wounds
 S - a potion of brilliance {unknown}
Miscellaneous
 q - a phantom mirror (inert)
 z - a piece from Xom's chessboard (15/15)


   Skills:
 - Level 3.5 Fighting
 + Level 12.2 Dodging
 + Level 8.0 Spellcasting
 - Level 1.3 Transmutations
 + Level 10.5 Poison Magic


You had 15 spell levels left.
You knew the following spells:

 Your Spells              Type           Power      Damage    Failure   Level
a - Sting                 Tmut/Pois      100%       1d8       1%          1
b - Poisonous Vapours     Pois/Air       54%        N/A       1%          2
c - Olgreb's Toxic Radia  Pois           47%        N/A       1%          4
d - Mephitic Cloud        Conj/Pois/Air  21%        N/A       6%          3

Your spell library contained the following spells:

 Spells                   Type           Power      Damage    Failure   Level
 Spider Form              Tmut/Pois      30%        N/A       2%          3
 Apportation              Tloc           14%        N/A       9%          1
 Magic Dart               Conj           28%        1d4       9%          1
 Necrotise                Necr           28%        1d5       9%          1
 Summon Small Mammal      Summ           28%        N/A       9%          1
 Call Imp                 Summ           7%         N/A       14%         2
 Ensorcelled Hibernation  Hex/Ice        14%        N/A       14%         2
 Vampiric Draining        Necr           7%         2d6       26%         3
 Anguish                  Hex/Necr       3%         N/A       65%         4
 Passage of Golubria      Tloc           7%         N/A       65%         4
 Dispersal                Tloc           3%         N/A       100%        6
 Malign Gateway           Summ/Tloc      3%         N/A       100%        7
 Summon Horrible Things   Summ           3%         N/A       100%        8


Dungeon Overview and Level Annotations

Branches:
Dungeon (9/15) Zot: 26940  Temple (1/1) D:4 Zot: 5859   Sewer (visited)
   Lair: D:8-11         Orc: D:9-12

Altars:
Ashenzari
Cheibriados
Dithmenos
Elyvilon
Fedhas
Gozag
Hepliaklqana
Kikubaaqudgha
Makhleb
Nemelex Xobeh
Okawaru
Qazlal
Ru
Sif Muna
Trog
Uskayaw
Vehumet
Wu Jian
Xom
Yredelemnul
Zin
The Shining One

Shops:
D:2 [

Annotations:
D:5 Duvessa


Innate Abilities, Weirdness & Mutations

You cannot be stealthy.
You cannot train Armour skill.
((You are very nimble when in or above water. (Stealth+, EV+, Speed+++)))
Your lower body shifts to a powerful aquatic tail in water.


Message History

There is a stone staircase leading up here.
You now have 673 gold pieces (gained 13).
Found a stone staircase leading down.
Found a stone staircase leading down.
There is a stone staircase leading down here.
Found 8 stones.
A sixfirhy comes into view.
The sixfirhy moves out of view. 2 orange demons and 2 rust devils come into view.
The rust devil screeches!
The orange demon screeches! x2
The rust devil screeches!
Unknown command.
Casting: Sting (safe; 1% risk of failure)
Confirm with . or Enter, or press ? or * to list all spells.
You begin to radiate toxic energy.
The orange demon is poisoned. x2
The sixfirhy is poisoned.
The sixfirhy completely misses you.
The rust devil is stunned by your conviction and fails to attack.
The orange demon stings you from afar!
You are poisoned.
The orange demon poisons you!
The sixfirhy looks even sicker.
You feel very sick. The sixfirhy completely misses you.
You redirect the sixfirhy's attack!
The sixfirhy misses itself.
The sixfirhy hits you! The sixfirhy shocks you!
The sixfirhy looks even sicker.
Your toxic aura wanes.
You feel very sick. The sixfirhy closely misses you.
The sixfirhy attacks as you move away! The sixfirhy barely misses you.
You feel very sick.
You feel sick.
There is a stone staircase leading down here.
You feel sick. The sixfirhy barely misses you. The sixfirhy misses you.
The sixfirhy hits you! The sixfirhy shocks you!
* * * LOW HITPOINT WARNING * * *
The sixfirhy hits you.
* * * LOW HITPOINT WARNING * * *
The sixfirhy shocks you!
You die...

####### #
######.....# #
#........#.#######
#.###............#
#.# #..#.#######.#
#.######.# #..#.#
#.. #.......@#
#.>#.# #..
########3###.#..#
#..
...........###.#
#.# .(.......4##
##. #.#
######.###4# # #..
#.#..4....... ...
#.#4....##### ###
#...4∩..#
#.......#


You could see an orange demon (poisoned), 2 rust devils and a sixfirhy (very
poisoned).

Vanquished Creatures
  Amaemon (D:8)
  Maggie (D:8)
  2 unseen horrors
  Prince Ribbit (D:8)
  A hornet (D:8)
  Eustachio (D:5)
  A steam dragon (D:6)
  2 water moccasins
  An orc warrior (D:6)
  3 ice beasts
  A sky beast (D:6)
  A black bear (D:8)
  3 centaurs (D:6)
  A kobold brigand (D:8)
  4 bullfrogs
  2 gnoll sergeants
  A scorpion (D:4)
  8 wights
  Dowan (D:5)
  A howler monkey (D:5)
  4 hounds
  A gnoll bouda (D:5)
  A jelly (D:4)
  4 iguanas
  6 orc wizards
  A hound zombie (D:3)
  A hound skeleton (D:3)
  8 gnolls
  13 adders
  A river rat (D:3)
  2 white imps
  6 ufetubi
  An adder skeleton (D:3)
  An adder zombie (D:3)
  4 worms
  4 dart slugs
  24 orcs
  16 ball pythons
  4 bats
  8 endoplasms
  15 giant cockroaches
  8 hobgoblins
  9 jackals
  11 quokkas
  A ball python zombie (D:3)
  11 frilled lizards
  A giant cockroach zombie (D:3)
  3 goblins
  14 kobolds
  A quokka skeleton (D:3)
  4 rats
225 creatures vanquished.

Vanquished Creatures (collateral kills)
  A two-headed ogre (D:5)
  An orange demon (D:8)
2 creatures vanquished.

Vanquished Creatures (others)
  A sky beast (D:6)
  10 fungi (D:5)
  2 withered plants (D:3)
13 creatures vanquished.

Grand Total: 240 creatures vanquished

Notes
Turn   | Place    | Note
-------+----------+-------------------------------------------
     0 | D:1      | Arcadio the Merfolk Venom Mage began the quest for the Orb.
     0 | D:1      | Reached XP level 1. HP: 13/13 MP: 3/3
   483 | D:1      | Found a faded altar of an unknown god.
   489 | D:1      | Reached skill level 3 in Dodging
   491 | D:1      | Reached XP level 2. HP: 11/19 MP: 3/5
   640 | D:1      | Learned a level 2 spell: Poisonous Vapours
  1244 | D:2      | Reached XP level 3. HP: 24/24 MP: 3/6
  1603 | D:2      | Reached skill level 1 in Fighting
  1603 | D:2      | Reached XP level 4. HP: 21/32 MP: 1/7
  1703 | D:2      | Found Keror's Armour Emporium.
  2318 | D:3      | Found an iron altar of Okawaru.
  2340 | D:3      | Reached skill level 4 in Dodging
  2720 | D:3      | Found a glowing drain.
  2753 | D:3      | Reached XP level 5. HP: 35/38 MP: 1/8
  2774 | Sewer    | Entered a sewer
  2983 | Sewer    | Learned a level 4 spell: Olgreb's Toxic Radiance
  3426 | Sewer    | Reached skill level 5 in Dodging
  3426 | Sewer    | Reached skill level 5 in Poison Magic
  3426 | Sewer    | Reached XP level 6. HP: 23/47 MP: 5/9
  3766 | D:3      | Identified the +6 mace "Riletsokh" {freeze, Stlth+}
  4422 | D:4      | Found a staircase to the Ecumenical Temple.
  4455 | Temple   | Entered the Ecumenical Temple
  4557 | Temple   | Became a worshipper of Ru the Awakened
  4746 | D:4      | Got Sif Muna's Grimoire of Quantum Black Mysteries
  4900 | D:4      | Reached XP level 7. HP: 51/52 MP: 4/11
  5075 | D:4      | Reached skill level 6 in Dodging
  5160 | D:4      | Learned a level 3 spell: Mephitic Cloud
  5275 | D:4      | Found an opulent altar of Gozag.
  5453 | D:4      | Found a large runed translucent door.
  5454 | D:4      | Found a large runed translucent door.
  5570 | D:4      | Found a radiant altar of Vehumet.
  5573 | D:4      | Found a hide-covered altar of Uskayaw.
  5781 | D:5      | Entered Level 5 of the Dungeon
  5835 | D:5      | Gained mutation: You cannot be stealthy. [Ru sacrifice]
  6106 | D:5      | Reached skill level 7 in Dodging
  6120 | D:5      | Reached XP level 8. HP: 23/58 MP: 8/13
  6217 | D:5      | Noticed a two-headed ogre
  6264 | D:5      | Noticed Eustachio
  6289 | D:5      | Killed Eustachio
  6350 | D:5      | Killed a two-headed ogre
  6351 | D:5      | Reached skill level 8 in Dodging
  6351 | D:5      | Reached skill level 5 in Spellcasting
  6646 | D:5      | Reached XP level 9. HP: 43/64 MP: 16/16
  6769 | D:5      | Noticed Dowan
  6770 | D:5      | Noticed Duvessa
  6777 | D:5      | Killed Dowan
  6829 | D:6      | Reached skill level 9 in Dodging
  6990 | D:6      | Found a burning altar of Makhleb.
  7697 | D:6      | Reached skill level 10 in Dodging
  7897 | D:6      | Found a glowing silver altar of Zin.
  7897 | D:6      | Noticed an angel
  8060 | D:6      | Found a shimmering blue altar of Sif Muna.
  8285 | D:6      | Found a bloodstained altar of Trog.
  8287 | D:6      | Found a sacrificial altar of Ru.
  8287 | D:6      | Found an iron altar of Okawaru.
  8289 | D:6      | Found a shimmering altar of Xom.
  8289 | D:6      | Found a blossoming altar of Fedhas.
  8289 | D:6      | Found an iron altar of Okawaru.
  8774 | D:7      | Reached XP level 10. HP: 70/70 MP: 12/20
  9224 | D:7      | Noticed an unseen horror
  9235 | D:7      | Killed an unseen horror
  9236 | D:7      | Reached skill level 11 in Dodging
  9252 | D:7      | Gained mutation: You cannot train Armour skill. [Ru
                  | sacrifice]
  9252 | D:7      | Reached * piety under Ru
  9252 | D:7      | Reached ** piety under Ru
  9666 | D:8      | Noticed an unseen horror
  9682 | D:8      | Killed an unseen horror
  9741 | D:8      | Noticed Maggie
  9757 | D:8      | Killed Maggie
  9758 | D:8      | Reached skill level 10 in Poison Magic
 10010 | D:8      | Noticed an orange demon
 10010 | D:8      | Noticed Amaemon
 10012 | D:8      | Noticed Prince Ribbit
 10018 | D:8      | Killed an orange demon
 10029 | D:8      | Killed Amaemon
 10030 | D:8      | Reached skill level 12 in Dodging
 10054 | D:8      | Killed Prince Ribbit
 10663 | D:9      | Noticed a sixfirhy
 10664 | D:9      | Noticed a rust devil
 10664 | D:9      | Noticed an orange demon
 10664 | D:9      | Noticed an orange demon
 10664 | D:9      | Noticed a rust devil
 10670 | D:9      | Slain by a sixfirhy

Illustrated notes

Levels and vault maps discovered:
D:1:      noname_arrival_rooms_in_the_neighbourhood, layout_basic,
          hellmonk_ecumenical_altar_slurped_away
D:2:      layout_loops_corners, serial_shops, shop
D:3:      layout_loops_cross, okawaru_ov_weapons_minmay,
          gup_sewer_entry_bubbles, serial_undead, serial_undead_e,
          serial_undead_c, serial_undead_c, serial_undead_e, serial_undead_f,
          serial_undead_a
D:4:      kennysheep_six_static_rooms, layout_loops_ring, jmf_multi_god_temple2,
          mainiacjoe_overflow_cross_hatched, minmay_temple_entry_ruins
D:5:      layout_loops_cross, serial_aquarium, aquarium_bridge_square
          [aquarium_subvault_wall, aquarium_subvault_bridge,
          aquarium_subvault_wall, aquarium_subvault_window],
          aquarium_bridge_straight [aquarium_subvault_bridge,
          aquarium_subvault_wall, aquarium_subvault_bridge,
          aquarium_subvault_window], aquarium_window_fake, aquarium_window_1,
          aquarium_view_2d, aquarium_view_2a, aquarium_pool_four,
          hangedman_decor_lopped, minmay_checkerbox, uniq_duvessa,
          uniq_eustachio
D:6:      layout_loops_ring, doesnt_xom_only_xom, zin_angel,
          kennysheep_orc_sif_temple, makhleb_heckhound_becter
D:7:      layout_loops_corners, hellmonk_bongcloud_opening
D:8:      layout_loops_cross, chequers_serial_rivers_large_a,
          uniq_prince_ribbit1, uniq_maggie, uniq_amaemon
D:9:      gammafunk_indiana_jones, layout_loops_ring, serial_demonic,
          serial_demonic_b, serial_demonic_d, serial_demonic_a, serial_demonic_e
Temple:   nicolae_temple_bog_church

Skill      XL: |  1  2  3  4  5  6  7  8  9 10 |
---------------+-------------------------------+-----
Dodging        | 3 4 5 7 8 10 12 | 12.2
Fighting       | 1 3 |  3.5
Poison Magic   | 4 5 6 7 9 10 | 10.5
Spellcasting   | 3 5 6 8 |  8.0
Stealth        | 0 |  0.0
Transmutations | |  1.3

Action                   |  1- 3 |  4- 6 |  7- 9 | 10-12 || total
-------------------------+-------+-------+-------+-------++-------
Melee: Dagger            |    66 |   196 |       |       ||   262
       Punch             |     1 |     1 |     3 |     1 ||     6
       Tailslap          |       |    14 |       |       ||    14
       Mace              |       |    39 |   204 |    69 ||   312
Throw: Throwing net      |       |       |       |     4 ||     4
 Cast: Sting             |    31 |    47 |    11 |     9 ||    98
       Poisonous Vapours |     5 |    12 |    27 |    17 ||    61
       Olgreb's Toxic Ra |       |     4 |     7 |     2 ||    13
       Mephitic Cloud    |       |       |     1 |     2 ||     3
Invok: Sacrifice Stealth |       |       |     1 |       ||     1
       Sacrifice Durabil |       |       |       |     1 ||     1
Evoke: Phantom mirror    |       |       |     1 |     1 ||     2
       Wand              |       |       |    16 |       ||    16
  Use: Scroll            |     1 |     4 |     5 |     2 ||    12
       Potion            |       |     1 |     2 |       ||     3
 Stab: Sleeping          |     1 |    12 |     4 |       ||    17
       Confused          |       |       |       |     3 ||     3
Armor: Robe              |    10 |    40 |    50 |     8 ||   108
Dodge: Dodged            |    52 |   214 |   271 |    86 ||   623
